 Dungeon Crawl Stone Soup version 0.31.0-12-g77e489cdc1 (webtiles) character file.

Game seed: 11728184819169118851

45 Silvore the Covered (level 3, -1/33 HPs)
             Began as a Minotaur Fighter on Feb 22, 2024.
             Slain by a cerulean imp
             ... wielding a +2 spear
             ... summoned by Natasha
              (6 damage)
             ... on level 2 of the Dungeon.
             The game lasted 00:01:18 (1378 turns).

Silvore the Covered (Minotaur Fighter)              Turns: 1378, Time: 00:01:19

Health: -1/33      AC:  7    Str: 22    XL:     3   Next: 42%
Magic:  2/2        EV:  9    Int:  5    God:
Gold:   113        SH:  4    Dex:  9    Spells: 2/2 levels left

rFire   . . .        a - +0 war axe
rCold   . . .        c - +0 buckler
rNeg    . . .        b - +0 scale mail
rPois   .            (helmet restricted)
rElec   .            (no cloak)
rCorr   .            (no gloves)
SInv    .            (no boots)
Will    .....        (no amulet) Stlth
                     (no ring)
HPRegen 0.25/turn    (no ring)
MPRegen 0.08/turn

%: no passive effects
@: no status effects
A: horns 2, retaliatory headbutt
a: no special abilities


You were on level 2 of the Dungeon.
You visited 1 branch of the dungeon, and saw 2 of its levels.

You collected 113 gold pieces.

Inventory:

Hand Weapons
 a - a +0 war axe (weapon)
Armour
 b - a +0 scale mail (worn)
 c - a +0 buckler (worn)
Scrolls
 e - a scroll of poison {unknown}
 g - a scroll of vulnerability {unknown}
Potions
 d - 2 potions of might
 f - a potion of resistance {unknown}
 h - a potion of mutation {unknown}


   Skills:
 + Level 4.1 Fighting
 + Level 3.0 Axes
 + Level 4.4 Armour
 + Level 0.2 Dodging
 + Level 0.4 Stealth
 + Level 3.8 Shields


You had 2 spell levels left.
You didn't know any spells.
Your spell library contained the following spells:

 Spells                   Type           Power      Damage    Failure   Level
 Freeze                   Ice            0%         1d3       86%         1
 Frozen Ramparts          Ice            0%         1d1       99%         3
 Hailstorm                Conj/Ice       0%         3d5       99%         3
 Anguish                  Hex/Necr       0%         N/A       100%        4
 Cause Fear               Hex            0%         N/A       100%        4
 Enfeeble                 Hex            0%         N/A       100%        7


Dungeon Overview and Level Annotations

Branches:
Dungeon (2/15)

Altars:

Shops:
D:2 ?

Annotations:
D:2 Natasha


Innate Abilities, Weirdness & Mutations

You have a pair of horns on your head.
You reflexively headbutt those who attack you in melee.


Message History

The jackal bites you but does no damage.
Natasha mumbles some strange words.
You slash the jackal!
You kill the jackal!
The jackal closely misses you. The jackal bites you.
You hit the jackal.
The jackal is heavily wounded.
You barely miss the jackal. You slash the jackal!
You kill the jackal!
You block the jackal's attack. The jackal bites you.
You block the cerulean imp's attack. The jackal closely misses you.
You furiously retaliate!
You headbutt the jackal!
You kill the jackal!
The cerulean imp hits you from afar with a +2 spear.
Natasha closely misses you.
You hit Natasha but do no damage. Your headbutt misses Natasha.
You hit the jackal.
You kill the jackal!
The cerulean imp hits you from afar with a +2 spear.
You block the cerulean imp's attack. Natasha claws you.
You slash Natasha!
Natasha is severely wounded.
The cerulean imp hits you from afar with a +2 spear.
The cerulean imp hits you but does no damage.
Natasha barely misses you.
The cerulean imp hits you from afar with a +2 spear.
You closely miss Natasha.
Natasha is severely wounded.
You block the cerulean imp's attack.
Natasha mumbles some strange words.
The cerulean imp hits you but does no damage.
The cerulean imp hits you from afar with a +2 spear.
* * * LOW HITPOINT WARNING * * *
Natasha claws you.
* * * LOW HITPOINT WARNING * * *
You closely miss Natasha.
Natasha is severely wounded.
The cerulean imp closely misses you.
The cerulean imp hits you from afar with a +2 spear.
You die...

.#.# #.# # .#.#
#.#..# #.# # .#.#
####.#..# #.# #
.#.. ........
#.### .#..
#.....#### ###....
.# ###........
#....).
.#........#
#.#....
.....5†...#
#.#....
..)..5.@..#
#.#.###
.....5.h#.#
#.#...#
..##....#.#
#.#....
.......#.##
#.#....
######.#..#
#####.#.###
#.##.###.....#.###
#.....††.#.###..##
####.#8......#....
##.#.#...#######


You could see Natasha and 3 cerulean imps.

Vanquished Creatures
  2 ribbon worms (D:2)
  2 bats (D:2)
  6 endoplasms
  3 goblins (D:1)
  4 hobgoblins (D:2)
  5 jackals (D:2)
  3 kobolds
  A quokka (D:1)
  4 ball pythons (D:2)
  3 frilled lizards
  3 rats
36 creatures vanquished.

Notes
Turn   | Place    | Note
-------+----------+-------------------------------------------
     0 | D:1      | Silvore the Minotaur Fighter began the quest for the Orb.
     0 | D:1      | Reached XP level 1. HP: 19/19 MP: 0/0
   651 | D:1      | Reached XP level 2. HP: 21/27 MP: 1/1
  1123 | D:2      | Reached XP level 3. HP: 30/33 MP: 2/2
  1297 | D:2      | Found Lassirch's Magic Scroll Shoppe.
  1371 | D:2      | Noticed Natasha
  1378 | D:2      | Slain by a cerulean imp

Illustrated notes

Levels and vault maps discovered:
D:1:      scummos_arrival_gate, layout_loops_corners
D:2:      minmay_recursive_quarters, layout_loops_ring, serial_shops,
          nicolae_shop_statue_plus, uniq_natasha

Skill      XL: |  1  2  3 |
---------------+----------+-----
Armour         | 4 |  4.4
Fighting       | 4 |  4.1
Axes           | 3 |  3.0
Dodging        | |  0.2
Stealth        | |  0.4
Shields        | |  3.8

Action                     || total
---------------------------++-------
  Melee: War axe           ||    69
         Headbutt          ||    11
    Use: Scroll            ||     1
 Armour: Scale mail        ||    50
  Dodge: Dodged            ||    39
  Block: Buckler           ||    17
